Map: Eternal Empire LE

Players

SpeCial

  • Race: Terran Terran
  • Spawn Location: 7:00

LiquidClem (Clem) - Winner!

  • Race: Terran Terran
  • League: Bronze
  • Spawn Location: 1:00

Event: War Chest Team League

VOD

Have the link to the VOD?

Description

Time

  • Played on: Aug. 16, 2020, 5:43 a.m.
  • Length: 19:02
Show
View Real Time Build Order
Export as new Build Order

SpeCial Terran 

Build Orders: Gas First Reaper Expand 

Get SALT Encoding   

  12  0:00  SCV  
  13  0:13  SCV  
  14  0:17  Supply Depot  
  14  0:25  SCV  
  15  0:28  Refinery  
  15  0:39  SCV  
  16  0:44  Barracks  
  16  0:51  SCV  
  17  1:03  SCV  
  18  1:15  SCV  
  19  1:32  Reaper, Orbital Command  
  20  1:44  Command Center  
  20  1:53  Factory  
  20  1:59  SCV  
  21  2:06  Supply Depot  
  21  2:07  Reaper  
  22  2:11  SCV  
  22  2:14  Refinery  
  23  2:28  SCV  
  26  2:37  Hellion  
  26  2:39  Marine  
  26  2:40  SCV  
  26  2:43  Starport  
  28  2:53  SCV  
  28  2:56  Orbital Command  
  29  2:59  Barracks Tech Lab  
  29  3:00  Hellion  
  29  3:05  SCV  
  32  3:17  SCV  
  33  3:21  Refinery, Widow Mine  
  33  3:24  SCV, Barracks Tech Lab  
  36  3:29  SCV  
  36  3:30  Banshee  
  40  3:36  SCV  
  40  3:38  Supply Depot  
  42  3:41  SCV  
  42  3:48  SCV  
  43  3:52  Barracks Reactor, Cyclone  
  46  4:00  SCV x2  
  46  4:01  Supply Depot  
  48  4:09  Command Center  
  48  4:13  Raven  
  48  4:15  SCV  
  48  4:16  SCV  
  52  4:26  Siege Tank  
  52  4:30  Marine x2  
  57  4:32  SCV x2  
  57  4:34  Supply Depot  
  59  4:44  SCV x2  
  61  4:50  Marine  
  62  4:56  SCV x2, Marine  
  62  4:57  Raven  
  67  5:02  Supply Depot  
  67  5:08  Refinery, Siege Tank  
  67  5:13  Supply Depot  
  70  5:20  Marine x2  
  70  5:21  SCV x2  
  74  5:22  Orbital Command  
  74  5:33  SCV x2  
  76  5:44  Orbital Command, Barracks x2, Siege Tank  
  76  5:45  SCV x2  
  76  5:49  Supply Depot  
  81  5:50  Viking  
  81  5:53  Viking  
  81  5:54  Marine  
  86  5:57  SCV x2  
  86  5:59  Stimpack  
  88  6:09  SCV x2  
  90  6:12  Marine  
  90  6:14  SCV  
  90  6:16  Siege Tank  
  95  6:19  Engineering Bay  
  95  6:21  SCV x2, Engineering Bay  
  97  6:25  Viking  
  97  6:26  SCV  
  97  6:27  Viking  
  97  6:30  Marine  
  103  6:33  Barracks Reactor, SCV  
  103  6:34  Barracks Reactor  
  103  6:35  SCV  
  105  6:40  Supply Depot  
  105  6:41  SCV  
  106  6:48  Siege Tank  
  106  6:49  Terran Infantry Weapons Level 1  
  106  6:53  Supply Depot x2, Marine  
  110  6:55  Terran Infantry Armor Level 1  
  110  7:00  SCV  
  110  7:01  SCV x2  
  112  7:03  Viking  
  112  7:18  SCV x2  
  112  7:19  SCV  
  112  7:20  Refinery x2, Widow Mine  
  112  7:21  Marine x5  
  119  7:28  Barracks  
  119  7:29  Barracks  
  119  7:30  SCV  
  119  7:31  SCV  
  121  7:39  Marine x4  
  121  7:43  Marine  
  126  7:45  Siege Tank  
  126  7:50  Viking x2  
  133  7:53  SCV  
  133  7:56  Marine  
  133  7:57  Marine x3  
  138  8:01  Marine  
  138  8:03  SCV  
  140  8:06  Combat Shield  
  140  8:08  SCV  
  141  8:14  Marine x2  
  141  8:18  Marine x3, Sensor Tower  
  141  8:20  Supply Depot  
  141  8:21  Medivac, Supply Depot  
  141  8:26  Marine  
  140  8:28  Barracks Reactor, Medivac  
  141  8:41  Armory  
  141  8:42  Marine x5, Siege Tank  
  141  8:47  Command Center  
  150  8:51  Medivac  
  150  8:52  Barracks Reactor  
  151  8:56  SCV  
  151  8:58  Medivac  
  151  9:00  Marine x3  
  152  9:03  Marine  
  152  9:04  Marine  
  152  9:08  Marine x2  
  120  9:14  Siege Tank  
  120  9:16  Factory  
  121  9:17  Marine x2  
  121  9:21  Medivac, Marine x2  
  128  9:26  Marine x2  
  128  9:27  Supply Depot  
  129  9:31  Medivac  
  129  9:33  Marine x2  
  129  9:35  Marine x2  
  129  9:36  Supply Depot  
  135  9:38  Barracks Reactor  
  135  9:39  Marine x2  
  135  9:44  Marine x2  
  130  9:46  Siege Tank  
  130  9:50  Marine  
  130  9:51  Medivac, Marine  
  129  9:53  Marine x2  
  129  9:57  Marine x2  
  129  9:59  Terran Infantry Weapons Level 2  
  127  10:02  Marine x2  
  129  10:08  Marine x2  
  129  10:11  Marine x2  
  133  10:15  Marine x2  
  133  10:18  Marine, Siege Tank  
  133  10:19  Marine  
  133  10:20  Marine  
  132  10:21  Marine  
  110  10:29  Marine x2  
  110  10:33  Marine x2  
  110  10:34  SCV x2  
  116  10:36  Marine  
  116  10:37  Marine  
  116  10:39  Marine  
  116  10:46  Marine x2  
  103  10:50  SCV x2, Marine x3, Siege Tank  
  103  10:53  Marine  
  108  10:57  Marine  
  108  10:58  Liberator x2  
  108  11:01  SCV  
  108  11:02  SCV  
  117  11:04  Marine x2  
  117  11:05  SCV  
  117  11:08  Marine x2  
  122  11:12  Barracks Reactor  
  122  11:13  SCV  
  122  11:14  SCV, Terran Infantry Armor Level 2  
  122  11:15  Barracks  
  124  11:22  Planetary Fortress  
  124  11:23  Siege Tank  
  127  11:31  SCV x3  
  129  11:35  Marine x2  
  129  11:37  Marine  
  132  11:43  SCV x3  
  132  11:44  Marine x2  
  136  11:55  SCV x3, Siege Tank  
  136  11:57  Marine x2  
  136  12:00  Marine  
  133  12:05  Marine x2  
  133  12:06  Marine  
  133  12:07  SCV  
  130  12:11  Marine x2  
  130  12:15  Marine x2  
  134  12:18  Marine  
  128  12:23  Marine x2, Liberator x2  
  128  12:24  Marine  
  128  12:27  Siege Tank  
  128  12:29  Marine x2  
  142  12:32  Barracks Reactor, Marine  
  142  12:33  Supply Depot x2, Marine  
  142  12:35  Refinery  
  142  12:36  SCV, Marine  
  146  12:40  Marine x2  
  146  12:41  Marine  
  149  12:53  Marine  
  149  12:54  Marine x4  
  153  12:58  Marine x2  
  153  12:59  Supply Depot, Marine, Siege Tank  
  153  13:00  Supply Depot  
  159  13:06  Medivac x2  
  159  13:09  Marine  
  159  13:11  Marine  
  165  13:13  Supply Depot  
  165  13:14  Supply Depot, Marine x4, Siege Tank  
  165  13:16  Marine  
  165  13:19  Marine  
  173  13:21  Marine x2  
  173  13:27  Marine  
  173  13:31  Marine, Siege Tank  
  178  13:36  Marine  
  178  13:39  Marine  
  178  13:40  Marine  
  173  13:42  Marine x3  
  173  13:43  Marine  
  180  13:51  Marine  
  180  13:53  Marine  
  182  13:57  Medivac x2  
  182  14:00  Marine  
  182  14:01  Command Center, Marine x2  
  189  14:03  Siege Tank  
  189  14:04  Marine x5  
  197  14:20  Marine  
  174  14:25  Marine x2  
  174  14:27  Marine x4  
  174  14:28  Marine  
  173  14:33  Marine  
  173  14:35  Siege Tank  
  173  14:37  Marine  
  173  14:38  Marine  
  178  14:42  Marine  
  178  14:43  Medivac, Marine  
  178  14:45  Marine  
  177  14:50  Marine x2  
  177  14:51  Marine  
  162  14:55  Marine  
  159  15:00  Marine x2  
  152  15:16  Liberator x2  
  152  15:18  Marine x3  
  152  15:20  Marine  
  162  15:27  Marine  
  163  15:32  Siege Tank  
  161  15:37  Armory, Engineering Bay  
  161  15:38  Marine  
  161  15:39  Marine  
  162  15:46  Marine x2  
  161  15:54  Siege Tank  
  162  15:57  Marine x2  
  162  15:59  Liberator  
  170  16:04  Siege Tank  
  170  16:06  Medivac  
  170  16:08  Marine  
  168  16:21  Marine  
  162  16:26  Siege Tank  
  162  16:29  Marine  
  162  16:32  Marine  
  167  16:36  Liberator, Siege Tank  
  147  16:44  Marine x2  
  148  16:53  Marine  
  148  16:54  Marine x5  
  141  16:55  Marine  
  141  16:58  Marine, Siege Tank  
  144  17:04  Marine  
  144  17:05  Marine  
  144  17:08  Siege Tank  
  136  17:11  Marine  
  136  17:12  Marine x3  
  140  17:17  Missile Turret, Marine x3  
  143  17:28  Planetary Fortress  
  143  17:35  Marine  
  143  17:36  Marine x6  
  148  17:44  Marine, Sensor Tower  
  148  17:45  Marine x2  
  146  17:53  Marine x2  
  146  17:54  Marine x3  
  147  18:01  Marine  
  147  18:16  Marine x2  
  149  18:20  Siege Tank  
  149  18:22  Marine x2  
  154  18:27  Medivac  
  154  18:28  Marine  
  154  18:30  Marine  
  157  18:38  Marine x2  
Show
View Real Time Build Order
Export as new Build Order

LiquidClem Terran - Winner!

Build Orders:  

Get SALT Encoding   

  12  0:00  SCV  
  13  0:12  SCV  
  14  0:17  Supply Depot  
  14  0:24  SCV  
  15  0:29  Refinery  
  15  0:38  SCV  
  16  0:45  Barracks  
  16  0:50  SCV  
  16  0:54  Refinery  
  17  1:02  SCV  
  18  1:15  SCV  
  19  1:31  Reaper  
  19  1:32  Orbital Command  
  20  1:34  Factory  
  20  1:44  Supply Depot  
  20  1:58  SCV  
  21  2:04  Reaper  
  22  2:10  SCV  
  23  2:18  Hellion  
  25  2:24  Command Center  
  25  2:27  SCV  
  26  2:34  Starport  
  26  2:41  SCV  
  26  2:42  Hellion  
  29  2:47  Supply Depot  
  29  2:51  Barracks Tech Lab  
  29  2:54  SCV  
  30  3:06  SCV  
  30  3:12  Starport Tech Lab  
  31  3:13  Cyclone  
  31  3:18  SCV  
  35  3:24  Refinery  
  35  3:30  SCV  
  35  3:31  Raven  
  38  3:37  Orbital Command  
  38  3:42  SCV  
  38  3:43  Barracks Reactor  
  39  3:54  SCV  
  40  3:58  Siege Tank  
  44  4:02  SCV  
  44  4:07  Command Center  
  44  4:10  SCV  
  44  4:15  SCV  
  46  4:21  Supply Depot, Marine x2  
  48  4:24  Raven  
  48  4:27  SCV  
  48  4:29  SCV  
  52  4:39  SCV  
  52  4:41  SCV  
  52  4:42  Siege Tank  
  52  4:43  Marine x2  
  57  4:51  SCV  
  57  4:52  Supply Depot  
  58  4:53  SCV  
  57  5:03  SCV  
  57  5:05  SCV  
  59  5:15  SCV, Supply Depot  
  59  5:16  Viking x2  
  59  5:17  SCV  
  59  5:19  Marine  
  59  5:21  Orbital Command  
  66  5:28  SCV, Stimpack  
  67  5:29  SCV  
  66  5:37  Marine  
  66  5:39  Siege Tank  
  66  5:40  SCV  
  66  5:41  SCV  
  72  5:46  SCV  
  72  5:49  Barracks  
  73  5:52  Barracks  
  73  5:53  SCV  
  73  5:54  SCV  
  75  5:59  Orbital Command  
  75  6:00  Refinery  
  75  6:03  Viking  
  78  6:07  Viking, Marine  
  78  6:08  SCV  
  81  6:14  SCV  
  81  6:15  Supply Depot  
  82  6:18  Siege Tank  
  82  6:21  SCV  
  82  6:22  Supply Depot  
  82  6:25  Marine  
  86  6:26  SCV  
  86  6:28  SCV  
  86  6:31  Supply Depot  
  89  6:33  SCV  
  89  6:37  Engineering Bay  
  89  6:38  SCV, Engineering Bay  
  91  6:40  SCV  
  91  6:41  Barracks Reactor  
  91  6:43  Marine  
  91  6:45  SCV, Supply Depot  
  91  6:47  Starport Reactor  
  94  6:49  Marine x2  
  94  6:50  SCV  
  94  6:52  SCV  
  98  6:54  Supply Depot  
  98  6:57  SCV  
  98  7:00  Siege Tank  
  98  7:01  Marine  
  103  7:06  Supply Depot, Terran Infantry Weapons Level 1  
  103  7:07  Marine, Terran Infantry Armor Level 1  
  103  7:08  Combat Shield  
  104  7:11  Marine  
  104  7:15  SCV  
  102  7:17  Marine x2  
  102  7:19  Marine  
  105  7:24  Medivac x2  
  105  7:27  Supply Depot, Barracks  
  105  7:28  Barracks  
  105  7:29  SCV x2  
  111  7:30  SCV  
  111  7:32  Marine x2, Siege Tank  
  111  7:35  Marine x2  
  119  7:40  Marine  
  119  7:41  SCV  
  121  7:44  Refinery  
  121  7:48  Supply Depot  
  121  7:50  Marine x2  
  121  7:51  SCV  
  120  7:53  Marine x2  
  120  7:57  Medivac x2  
  120  7:58  Marine  
  124  8:05  Supply Depot  
  123  8:07  Marine  
  123  8:08  SCV, Marine  
  123  8:11  Marine x2  
  128  8:16  SCV, Marine  
  128  8:17  Siege Tank  
  134  8:21  SCV  
  134  8:25  Marine x2  
  132  8:27  Barracks Reactor x2  
  132  8:28  SCV, Marine  
  132  8:29  Medivac x2, Marine  
  132  8:34  Marine  
  139  8:40  Supply Depot  
  140  8:41  SCV  
  140  8:42  Armory  
  140  8:43  Marine x2  
  140  8:46  SCV, Marine x2  
  146  8:51  Marine  
  144  9:01  Marine x2  
  135  9:04  Marine x2  
  135  9:05  Marine  
  135  9:06  Medivac x2  
  135  9:07  Marine  
  135  9:08  SCV x2  
  135  9:09  SCV, Marine x2  
  130  9:14  Marine  
  132  9:19  Marine x2  
  132  9:20  SCV x2  
  132  9:21  SCV  
  132  9:22  Marine x2, Siege Tank  
  142  9:29  Marine x2  
  144  9:33  SCV  
  144  9:34  Marine  
  144  9:35  Marine  
  144  9:37  SCV  
  148  9:39  Marine x2  
  148  9:42  Marine x2  
  148  9:44  Marine  
  148  9:45  SCV x2  
  155  9:46  Marine  
  155  9:47  Marine  
  155  9:48  Medivac  
  155  9:52  Marine  
  155  9:54  Marine  
  155  9:57  Marine x2  
  155  9:59  Terran Infantry Weapons Level 2  
  159  10:00  Marine  
  159  10:06  Refinery  
  158  10:11  Marine  
  158  10:13  Command Center  
  157  10:14  Siege Tank  
  157  10:18  Marine  
  157  10:19  Marine  
  159  10:22  Marine  
  159  10:25  Marine x2  
  155  10:28  Medivac x2  
  155  10:29  Marine x2  
  161  10:35  Marine x2  
  161  10:38  Terran Infantry Armor Level 2  
  161  10:40  Marine  
  161  10:42  Terran Vehicle Weapons Level 1  
  161  10:49  Marine  
  149  10:53  Siege Tank  
  149  10:54  Supply Depot  
  149  10:55  Marine x6  
  151  10:58  Marine  
  151  11:03  Supply Depot  
  143  11:06  Marine  
  143  11:12  Factory, Marine  
  143  11:13  Marine x2  
  143  11:17  Supply Depot  
  146  11:19  Marine  
  146  11:20  Barracks Reactor, Marine x3  
  146  11:25  Missile Turret, Siege Tank  
  153  11:28  Sensor Tower  
  153  11:29  Medivac x2  
  153  11:32  Marine x2  
  158  11:34  Unknown, Sensor Tower  
  158  11:37  Marine x3  
  158  11:39  Marine x2  
  164  11:42  Marine  
  164  11:46  SCV  
  166  11:48  SCV x2  
  166  11:50  Marine  
  167  12:00  Siege Tank  
  157  12:04  Marine x2  
  157  12:06  Planetary Fortress  
  157  12:08  Marine x2  
  156  12:10  Liberator x2  
  156  12:12  Siege Tank  
  164  12:21  SCV x2  
  164  12:22  Marine  
  164  12:23  Marine  
  164  12:24  Marine  
  164  12:28  Marine x4  
  171  12:31  Marine x2  
  171  12:32  Siege Tank  
  176  12:40  Terran Infantry Weapons Level 3  
  176  12:41  Marine  
  176  12:42  Marine  
  176  12:43  Marine x2  
  180  12:46  Marine x2  
  180  12:49  Siege Tank  
  185  12:58  Command Center  
  185  13:04  Siege Tank  
  188  13:06  Marine x3  
  188  13:10  Marine  
  188  13:11  Marine  
  188  13:12  Marine  
  194  13:18  Marine x4  
  198  13:24  Marine x2  
  200  13:34  Terran Infantry Armor Level 3  
  194  13:47  Starport x2  
  194  13:48  Command Center, Fusion Core  
  194  13:49  Command Center  
  194  13:51  Terran Vehicle Weapons Level 2  
  191  14:00  Siege Tank  
  191  14:01  Marine x2  
  196  14:05  SCV  
  196  14:06  Marine x3  
  184  14:24  Siege Tank  
  184  14:25  Marine x6  
  184  14:27  Marine  
  184  14:28  Marine x2  
  184  14:31  Marine  
  191  14:32  Siege Tank  
  191  14:35  Command Center  
  190  14:39  Command Center  
  190  14:42  Marine  
  190  14:43  Marine x4  
  191  14:49  Marine x3  
  191  14:52  Marine  
  189  14:54  Marine  
  189  14:56  Siege Tank  
  194  15:00  Marine x2  
  194  15:01  Orbital Command  
  194  15:06  Marine x2, Siege Tank  
  187  15:16  SCV x2  
  189  15:25  Supply Depot  
  188  15:29  Siege Tank  
  188  15:32  Liberator  
  188  15:35  Marine x2  
  194  15:39  Marine x3  
  197  15:44  Siege Tank  
  197  15:46  Marine x2  
  197  15:49  Marine  
  200  15:52  Marine  
  200  16:05  Orbital Command  
  200  16:08  Starport Reactor  
  194  16:19  Siege Tank  
  194  16:20  Marine  
  194  16:24  Marine x3  
  196  16:34  Marine  
  196  16:35  Marine, Siege Tank  
  196  16:37  Marine  
  196  16:38  Marine x4  
  193  16:40  Viking x3  
  193  16:42  Marine  
  193  16:44  Terran Vehicle And Ship Armor Level 1  
  200  16:50  Marine x2  
  200  16:53  Siege Tank  
  197  16:54  Planetary Fortress  
  197  16:56  SCV x2  
  194  17:03  Marine  
  194  17:07  Siege Tank  
  192  17:08  Marine x3  
  192  17:09  Marine  
  192  17:10  Marine x3  
  199  17:27  Starport Reactor  
  199  17:28  Starport Reactor  
  199  17:29  Advanced Ballistics  
  197  17:31  Refinery x2, Command Center  
  187  17:52  Marine  
  187  17:53  Marine x2  
  187  17:55  Marine x5  
  187  17:56  Marine x2  
  191  17:59  Liberator x2, Siege Tank  
  200  18:10  Marine x2  
  195  18:23  Medivac  
  195  18:24  Missile Turret x2  
  197  18:28  Command Center  
  197  18:30  Command Center  
  197  18:33  Orbital Command  
  200  18:37  Marine  
  200  18:41  Missile Turret, Marine  
Tags
 
Add a new tag
Caveats
  • Supply blocks, unpowered buildings, or Contaminate may cause inaccurate times.
  • Supply counts are checked every 10 seconds.